 Dungeon Crawl Stone Soup version 0.30-a0-585-g93115170b9 (webtiles) character file.

Game seed: 3736703471861779446

135447 Charly the Arsonist (level 17, -3/115 HPs)
             Began as an Octopode Fire Elementalist on Jan 2, 2023.
             Was a Follower of Uskayaw.
             Hit by a silver javelin thrown by a merfolk javelineer (4 damage)
             ... on level 4 of the Shoals.
             The game lasted 01:39:20 (43575 turns).

Charly the Arsonist (Octopode Fire Elementalist)   Turns: 43575, Time: 01:39:20

Health: -3/115     AC:  3    Str:  8    XL:     17   Next: 19%
Magic:  26/42      EV: 16    Int: 28    God:    Uskayaw [*.....]
Gold:   1215       SH: 10    Dex: 25    Spells: 11/41 levels left

rFire   + + .      SeeInvis .    y - staff of conjuration
rCold   + . .      Faith    .    x - +3 buckler {rF+}
rNeg    + . .      Spirit   .    c - +2 hat
rPois   +          Reflect  .    t - amulet of the acrobat
rElec   .          Harm     .    Q - +6 ring of dexterity
rCorr   +          Rampage  .    v - ring "Nunkamebest" {rF+ rC+}
Will    +....                    H - ring of magical power
Stlth   +++++                    C - ring "Raqiblow" {rCorr Int+4}
HPRegen 0.39/turn                V - +6 ring of dexterity
MPRegen 0.28/turn                p - ring of poison resistance
                                 n - ring of positive energy
                                 (no ring)

@: about to teleport, studying Unarmed Combat
A: almost no armour, amphibious, 8 rings, camouflage 1, gelatinous body 1,
nimble swimmer 1, tentacles
a: Renounce Religion, Stomp


You were on level 4 of the Shoals.
You worshipped Uskayaw.
Uskayaw was pleased with you.
You visited 5 branches of the dungeon, and saw 27 of its levels.
You also visited: Gauntlet, Ice Cave and Volcano.

You collected 2948 gold pieces.
You spent 1733 gold pieces at shops.

Inventory:

Hand Weapons
 L - the +11 scimitar of Exquisite Death {heavy, rF+ rC+ rN+}
   (You took it off a merfolk siren on level 3 of the Shoals)

   It deals dramatically more damage, but attacks with it are much slower.
   rF:        It protects you from fire.
   rC:        It protects you from cold.
   rN:        It protects you from negative energy.
Missiles
 X - 5 throwing nets
Armour
 c - a +2 hat (worn)
 r - an orb of energy
 x - a +3 buckler of fire resistance (worn)
Magical Staves
 i - a staff of air
 y - a staff of conjuration (weapon)
Jewellery
 n - a ring of positive energy (on tentacle)
 p - a ring of poison resistance (on tentacle)
 t - an amulet of the acrobat (around mantle)
 v - the ring "Nunkamebest" (right tentacle) {rF+ rC+}
   (You found it in a Gauntlet)

   [ring of protection from cold]

   rF:        It protects you from fire.
   rC:        It protects you from cold.
 C - the ring "Raqiblow" (on tentacle) {rCorr Int+4}
   (You found it in an ice cave)

   [ring of resist corrosion]

   Int:       It affects your intelligence (+4).
   rCorr:     It protects you from acid and corrosion.
 H - a ring of magical power (on tentacle)
 Q - a +6 ring of dexterity (left tentacle)
 V - a +6 ring of dexterity (on tentacle)
Wands
 B - a wand of polymorph (12)
 F - a wand of charming (15)
 I - a wand of digging (2)
 P - a wand of acid (11)
 T - a wand of mindburst (6)
 W - a wand of flame (11)
 Z - a wand of roots (7)
Scrolls
 b - a scroll of poison
 f - 5 scrolls of fog
 j - 5 scrolls of enchant armour
 k - a scroll of vulnerability
 l - 5 scrolls of amnesia
 m - a scroll of butterflies
 w - 3 scrolls of immolation
 G - 3 scrolls of teleportation
 M - 2 scrolls of torment
 N - 2 scrolls of silence
 R - 9 scrolls of identify
 S - 3 scrolls of magic mapping
 Y - a scroll of blinking
Potions
 a - a potion of magic
 d - 3 potions of mutation
 e - 20 potions of curing
 g - 4 potions of heal wounds
 h - 6 potions of flight
 o - 5 potions of lignification
 q - 6 potions of brilliance
 s - a potion of cancellation
 u - 4 potions of attraction
 z - 7 potions of berserk rage
 A - 6 potions of might
 D - 6 potions of haste
 E - 3 potions of resistance
 O - 2 potions of invisibility
 U - 5 potions of ambrosia
Miscellaneous
 K - a condenser vane (inert)


   Skills:
 - Level 10.0 Fighting
 - Level 5.0 Dodging
 - Level 2.6 Stealth
 - Level 5.0 Shields
 + Level 12.7 Spellcasting
 + Level 13.6 Conjurations
 - Level 5.0 Translocations
 + Level 13.9 Fire Magic
 - Level 5.0 Air Magic
 + Level 13.2 Invocations
 - Level 10.0 Evocations


You had 11 spell levels left.
You knew the following spells:

 Your Spells              Type           Power      Damage    Failure   Level
a - Foxfire               Conj/Fire      100%       2x1d9     0%          1
b - Blink                 Tloc           90%        N/A       1%          2
c - Fireball              Conj/Fire      48%        3d19      1%          5
d - Lightning Bolt        Conj/Air       40%        1d59      2%          5
e - Kindle Blastsparks    Fire/Tloc/Air  100%       2d18      1%          3
i - Inner Flame           Hex/Fire       54%        N/A       1%          3
s - Scorch                Fire           100%       2d10      1%          2
w - Flame Wave            Conj/Fire      97%        2d20      1%          4
z - Arcjolt               Conj/Air       40%        1d50      2%          5

Your spell library contained the following spells:

 Spells                   Type           Power      Damage    Failure   Level
 Momentum Strike          Conj/Tloc      100%       3d10      1%          2
 Poisonous Vapours        Pois/Air       62%        N/A       1%          2
 Hailstorm                Conj/Ice       71%        3d15      1%          3
 Lesser Beckoning         Tloc           90%        N/A       1%          3
 Mephitic Cloud           Conj/Pois/Air  68%        N/A       1%          3
 Cigotuvi's Dreadful Rot  Necr/Pois/Air  54%        N/A       3%          2
 Freezing Cloud           Conj/Ice/Air   34%        6-21      9%          5
 Frozen Ramparts          Ice            34%        1d6       12%         3
 Cause Fear               Hex            8%         N/A       36%         4
 Dispel Undead            Necr           17%        3d10      36%         4
 Ice Form                 Ice/Tmut       17%        N/A       36%         4
 Olgreb's Toxic Radiance  Pois           17%        N/A       36%         4
 Petrify                  Tmut/Erth      17%        N/A       36%         4
 Summon Ice Beast         Ice/Summ       17%        N/A       36%         4
 Metabolic Englaciation   Hex/Ice        8%         N/A       71%         5
 Death Channel            Necr           8%         N/A       99%         6
 Simulacrum               Ice/Necr       8%         N/A       99%         6
 Statue Form              Tmut/Erth      11%        N/A       99%         6
 Dragon Form              Tmut           8%         N/A       100%        7
 Chain Lightning          Conj/Air       40%        3d54      100%        9
 Dragon's Call            Summ           8%         N/A       100%        9
 Fire Storm               Conj/Fire      48%        8d12      100%        9
 Shatter                  Erth           8%         3d10*     100%        9


Dungeon Overview and Level Annotations

Branches:
Dungeon (15/15)            Temple (1/1) D:6            Lair (5/5) D:11
 Shoals (4/4) Lair:3       Spider (0/4) Lair:2        Slime (0/5) Lair:4
    Orc (2/2) D:9             Elf (0/3) Orc:2        Vaults (0/5) D:13
 Depths (0/4) D:15          IceCv (visited)         Volcano (visited)
Gauntlet (visited)

Altars:
Ashenzari
Cheibriados
Dithmenos
Elyvilon
Fedhas
Gozag
Hepliaklqana
Kikubaaqudgha
Makhleb
Nemelex Xobeh
Okawaru
Qazlal
Ru
Sif Muna
Trog
Uskayaw
Vehumet
Wu Jian
Xom
Yredelemnul
Zin
The Shining One
Jiyva

Shops:
D:2 *   D:10 *   Orc:2 !**?(   Shoals:2 :   Shoals:3 *

Portals:
Trove: D:13 (give 4 scrolls of blinking)

Annotations:
Shoals:2 2 transporters, stingscourger's ghost, journeyman FeSu


Innate Abilities, Weirdness & Mutations

You cannot wear most types of armour.
You are amphibious.
You can wear up to eight rings at the same time.
Your skin changes colour to match your surroundings (Stealth+).
Your rubbery body absorbs attacks. (AC +1, EV +1)
You are camouflaged when in or above water. (Stealth+)
You have tentacles for arms and can constrict up to eight enemies at once.


Message History

Your extra speed is starting to run out.
You are no longer glowing.
A merfolk siren comes into view.
It is wielding a +0 spear and carrying a wand of acid (5).
You feel yourself slow down.
Aiming: Fireball (mildly dangerous; 1% risk of failure)
Press: ? - help, Q - select action, (/) - cycle Shift-Dir - straight line, f - merfolk siren
Aim: a merfolk siren, wielding a +0 spear and carrying a wand of acid (5) (water, wandering, hasn't noticed you)
You feel a surge of power!
The fireball explodes!
The fireball engulfs the merfolk siren!!
The merfolk siren is heavily wounded.
The merfolk siren shouts!
You hear a shout! x2
The merfolk siren is engulfed in a cloud of scalding steam. x2
Aiming: Fireball (mildly dangerous; 1% risk of failure)
Press: ? - help, Q - select action, (/) - cycle Shift-Dir - straight line, f/p - merfolk siren
Aim: a merfolk siren, wielding a +0 spear and carrying a wand of acid (5) (water, almost dead)
You feel a surge of power!
The fireball explodes!
The fireball engulfs the merfolk siren!!
You kill the merfolk siren!
You hear a splash.
You hear a splash.
You hear a shout!
The merfolk javelineer drinks a potion.
The merfolk javelineer flickers and vanishes!
Deactivating autopickup; reactivate with Ctrl-A.
As you read the scroll of teleportation, it crumbles to dust.
You feel strangely unstable.
The merfolk impaler throws a stone.
You block the stone.
A silver javelin appears from out of thin air!
The silver javelin pierces through you!!
* * * LOW HITPOINT WARNING * * *
x2 Blink to where?
Press: ? - help, Dir - move target Floosh!
A merfolk javelineer comes into view.
It is wielding a +0 spear of venom and quivering silver javelins.
As you read the scroll of blinking, it crumbles to dust.
The merfolk javelineer throws a silver javelin.
The silver javelin pierces through you!
* * * LOW HITPOINT WARNING * * *
You die...
PP ... #≈≈≈≈≈m≈≈ ~PP

.. #≈≈≈≈≈≈≈≈
..PP .
#≈≈≈≈≈≈≈~
.....
#≈≈≈≈≈≈≈#
......
#≈≈≈≈≈≈≈P #
#≈≈≈≈≈≈≈# #
#≈≈§≈≈§≈~
#@§§§§≈≈≈ P
#§§§≈≈≈≈≈ #P
#≈§§≈≈≈≈≈ .m
#§§§≈≈≈≈≈ ...
#≈≈§≈≈≈≈≈~
....
#≈≈≈≈≈≈≈≈~~
#≈≈≈≈≈≈≈≈~~~
#≈≈≈≈≈≈≈≈≈~~~
#≈≈≈≈≈≈≈≈≈~~~


You could see a merfolk javelineer.

Vanquished Creatures
  4 krakens
  Ilsuiw (Shoals:4)
  A frost giant (Shoals:1)
  The ghost of NigelTetley the Martial Artist, a journeyman OpTm of Ashenzari (Orc:2)
  Nessos (Orc:2)
  2 fire dragons (D:15)
  6 merfolk impalers
  4 merfolk javelineers
  3 hydras
  2 ogre magi (D:13)
  6 vault guards (D:13)
  3 catoblepae
  7 boulder beetles
  A centaur warrior (D:15)
  A two-headed ogre (D:13)
  2 alligator snapping turtles
  A death knight (D:13)
  3 merfolk avatars
  3 death yaks (Lair:5)
  A deep troll shaman (Lair:5)
  5 orc high priests (Orc:2)
  A deep elf knight (D:13)
  9 sea snakes
  4 skeletal warriors
  2 phantasmal warriors
  A lindwurm (Lair:5)
  3 orc knights
  A deep elf archer (D:13)
  3 deep elf pyromancers
  3 orc sorcerers
  4 harpies (Shoals:1)
  14 ugly things
  11 fauns
  13 manticores
  15 cyclopes
  15 elephants
  3 black mambas
  10 merfolk sirens
  A guardian serpent (shapeshifter) (D:14)
  A torpor snail (Lair:4)
  10 water nymphs
  2 ice statues (IceCv)
  2 gargoyles
  3 cane toads
  A smoke demon (Volcano)
  2 molten gargoyles (Volcano)
  An unseen horror (D:10)
  A freezing wraith (D:13)
  12 komodo dragons
  A yaktaur (D:11)
  2 kobold demonologists (D:14)
  An efreet (D:11)
  3 rime drakes
  4 meliai
  3 trolls
  A polar bear (Lair:5)
  A queen bee (D:14)
  26 merfolk
  9 wind drakes
  2 wolf spider simulacra (Gauntlet)
  3 hornets
  Prince Ribbit (D:5)
  9 snapping turtles
  Grinder (D:3)
  8 slime creatures
  13 blink frogs
  16 dream sheep
  A spriggan (Lair:3)
  Sigmund (D:3)
  2 shadows (D:11)
  3 water elementals
  8 wyverns
  3 wraiths
  37 yaks
  5 basilisks
  2 fire bats (Volcano)
  A steam dragon (Lair:2)
  3 wargs
  A redback simulacrum (D:14)
  Menkaure (D:5)
  A harpy simulacrum (Gauntlet)
  An acid dragon (D:13)
  13 water moccasins
  4 black bears
  2 hell hounds (Volcano)
  2 ice beasts
  A sky beast (D:7)
  6 ogres
  33 orc warriors
  14 wolves
  7 centaurs
  3 phantoms
  3 kobold brigands
  5 bullfrogs
  3 cane toad simulacra (IceCv)
  3 gnoll sergeants
  A scorpion (D:5)
  A necrophage (D:5)
  9 wights
  An elephant simulacrum (IceCv)
  24 killer bees
  4 howler monkeys
  7 lava snakes (Volcano)
  2 hounds
  43 orc priests
  4 iguanas
  Terence (D:3)
  Natasha (thrice) (D:2)
  19 orc wizards
  A polar bear simulacrum (IceCv)
  Robin (D:2)
  18 gnolls
  7 adders
  2 white imps
  An ufetubus (D:5)
  3 dart slugs
  73 orcs
  2 bats
  5 endoplasms
  12 giant cockroaches
  9 goblins
  9 hobgoblins
  4 jackals (D:4)
  3 quokkas
  4 ball pythons
  2 frilled lizards (D:1)
  25 kobolds
  4 rats
  3 bushes (Lair:3)
  6 tentacles
792 creatures vanquished.

Vanquished Creatures (collateral kills)
  4 foxfires (D:1)
4 creatures vanquished.

Vanquished Creatures (others)
  A black mamba (Lair:3)
  A merfolk (Shoals:4)
  An orc (Orc:1)
  366 foxfires
  26 fungi
  374 plants
  14 tentacles
  A withered plant (Gauntlet)
784 creatures vanquished.

Grand Total: 1580 creatures vanquished

Notes
Turn   | Place    | Note
-------+----------+-------------------------------------------
     0 | D:1      | Charly the Octopode Fire Elementalist began the quest for
                  | the Orb.
     0 | D:1      | Reached XP level 1. HP: 11/11 MP: 3/3
   151 | D:1      | Reached XP level 2. HP: 17/17 MP: 1/5
   154 | D:1      | Learned a level 2 spell: Scorch
   774 | D:1      | Found a faded altar of an unknown god.
   939 | D:2      | Found Xeudghuyh's Assorted Antiques.
   944 | D:2      | Bought a scroll labelled GUEXAUTUGY for 22 gold pieces
   944 | D:2      | Bought a scroll labelled NUHAGES KEZYS for 22 gold pieces
  1116 | D:2      | Reached XP level 3. HP: 21/21 MP: 3/6
  1211 | D:2      | Noticed Natasha
  1842 | D:2      | Noticed Robin
  1853 | D:2      | Killed Robin
  1854 | D:2      | Reached XP level 4. HP: 27/27 MP: 0/8
  2056 | D:2      | Killed Natasha
  2061 | D:2      | Noticed Natasha
  2212 | D:2      | Killed Natasha
  2213 | D:2      | Reached XP level 5. HP: 31/31 MP: 5/9
  2628 | D:2      | Found Xeudghuyh's Assorted Antiques.
  3141 | D:2      | Found Xeudghuyh's Assorted Antiques.
  3503 | D:2      | Noticed Natasha
  3506 | D:2      | Killed Natasha
  4104 | D:3      | Noticed Grinder
  4306 | D:3      | Noticed Sigmund
  4317 | D:3      | Killed Sigmund
  4318 | D:3      | Reached skill level 1 in Fighting
  4318 | D:3      | Reached XP level 6. HP: 13/39 MP: 2/11
  4707 | D:3      | Noticed Terence
  4722 | D:3      | Killed Terence
  4803 | D:3      | Found a bloodstained altar of Trog.
  4991 | D:3      | Killed Grinder
  4992 | D:3      | Reached XP level 7. HP: 24/45 MP: 0/13
  5070 | D:3      | Reached skill level 5 in Fire Magic
  6083 | D:5      | Entered Level 5 of the Dungeon
  6110 | D:5      | Reached XP level 8. HP: 47/52 MP: 6/15
  6243 | D:5      | Noticed Prince Ribbit
  6536 | D:5      | Reached skill level 5 in Spellcasting
  6536 | D:5      | Reached skill level 5 in Conjurations
  6713 | D:5      | Noticed Menkaure
  6718 | D:5      | Killed Menkaure
  7680 | D:6      | Learned a level 4 spell: Flame Wave
  7702 | D:6      | Learned a level 3 spell: Inner Flame
  8002 | D:6      | Reached XP level 9. HP: 56/56 MP: 10/18
  8235 | D:6      | Found a white marble altar of Elyvilon.
  8400 | D:6      | Found a staircase to the Ecumenical Temple.
  8406 | Temple   | Entered the Ecumenical Temple
  8549 | Temple   | Became a worshipper of Uskayaw the Reveller
  8646 | D:7      | Reached * piety under Uskayaw
  8648 | D:7      | Reached ** piety under Uskayaw
  8650 | D:7      | Reached *** piety under Uskayaw
  9297 | D:7      | Found a blossoming altar of Fedhas.
 10075 | D:8      | Found a stormy altar of Qazlal.
 10134 | D:8      | Reached **** piety under Uskayaw
 10141 | D:8      | Reached ***** piety under Uskayaw
 10282 | D:8      | Found a hazy altar of Hepliaklqana.
 10387 | D:8      | Noticed a four-headed hydra
 10621 | D:8      | Noticed a troll
 10826 | D:8      | Noticed a troll
 10837 | D:8      | Killed a troll
 10838 | D:8      | Reached XP level 10. HP: 63/63 MP: 14/21
 10908 | D:8      | Found the +1 robe of Vines {NoPotionHeal Regen++++}
 11440 | D:8      | Killed a four-headed hydra
 12480 | D:9      | Learned a level 3 spell: Kindle Blastsparks
 12532 | D:9      | Reached skill level 1 in Invocations
 12532 | D:9      | Reached skill level 1 in Evocations
 12672 | D:9      | Reached XP level 11. HP: 38/67 MP: 8/23
 12878 | D:9      | Found a staircase to the Orcish Mines.
 13405 | D:10     | Entered Level 10 of the Dungeon
 13874 | D:10     | Found Ehecyoh's General Store.
 14149 | D:10     | Found a sparkling altar of Nemelex Xobeh.
 14532 | D:11     | Noticed a cyclops
 14643 | D:11     | Found a gate leading to a gauntlet.
 14644 | D:11     | Noticed a boulder beetle
 14680 | D:11     | Noticed a cyclops
 14689 | D:11     | Killed a cyclops
 14722 | D:11     | Killed a boulder beetle
 14728 | Gauntlet | Entered a Gauntlet
 14728 | Gauntlet | Found a runed translucent door.
 14728 | Gauntlet | Found a transporter.
 14728 | Gauntlet | Found a runed translucent door.
 14728 | Gauntlet | Found a transporter.
 14769 | Gauntlet | Found a transporter.
 14777 | Gauntlet | Found a transporter.
 14777 | Gauntlet | Found a transporter.
 14777 | Gauntlet | Found a transporter.
 14777 | Gauntlet | Noticed a quicksilver ooze
 14779 | Gauntlet | Found a transporter.
 14779 | Gauntlet | Found a transporter.
 14781 | Gauntlet | Noticed a dire elephant
 14781 | Gauntlet | Noticed a white ugly thing
 14791 | Gauntlet | Found a transporter.
 14807 | Gauntlet | Found a transporter.
 14808 | Gauntlet | Noticed a great orb of eyes
 14817 | Gauntlet | Found a transporter.
 14822 | Gauntlet | Found a transporter.
 14856 | Gauntlet | Found a transporter.
 14859 | Gauntlet | Noticed a soul eater
 14868 | Gauntlet | Found a transporter.
 15141 | Gauntlet | Identified the ring "Nunkamebest" {rF+ rC+}
 15238 | Gauntlet | Identified the +10 battleaxe "Dragon's Tongue" {freeze, rF+
                  | Dex+4}
 15238 | Gauntlet | Noticed a minotaur
 15413 | D:11     | Reached skill level 5 in Invocations
 15413 | D:11     | Reached skill level 5 in Evocations
 15539 | D:11     | Reached skill level 5 in Fighting
 15788 | D:11     | Found a staircase to the Lair.
 16087 | D:11     | Killed a cyclops
 16413 | D:11     | Identified the amulet of Zyruw {Reflect -Tele rPois Regen+
                  | Str+5 SH+5}
 16462 | Lair:1   | Entered Level 1 of the Lair of Beasts
 16828 | Lair:1   | Reached XP level 12. HP: 73/77 MP: 24/24
 16875 | Lair:1   | You fall into a shaft and drop 1 floor!
 17451 | Lair:2   | Reached skill level 1 in Shields
 17767 | Lair:2   | Noticed a catoblepas
 17798 | Lair:2   | Killed a catoblepas
 18258 | Lair:2   | Noticed a boulder beetle
 18274 | Lair:2   | Found a hole to the Spider Nest.
 18535 | Lair:2   | Killed a boulder beetle
 19696 | Lair:3   | Identified the +1 robe of Doomed Beauty {rN+ Regen+ Int+4}
 20143 | Lair:3   | Found a staircase to the Shoals.
 20405 | Lair:4   | Reached skill level 5 in Dodging
 20405 | Lair:4   | Reached XP level 13. HP: 85/85 MP: 25/25
 20407 | Lair:4   | Reached skill level 10 in Invocations
 20467 | Lair:4   | Reached ****** piety under Uskayaw
 20613 | Lair:4   | Reached skill level 5 in Shields
 20686 | Lair:4   | Identified a scroll of acquirement
 20686 | Lair:4   | Acquired Charly's Grimoire of Nasty Outbursts
 20694 | Lair:4   | Learned a level 5 spell: Fireball
 20839 | Lair:4   | Found a frozen archway.
 20848 | IceCv    | Entered an ice cave
 20982 | IceCv    | Found a transporter.
 20989 | IceCv    | Found a transporter.
 21018 | IceCv    | Reached skill level 10 in Fire Magic
 21026 | IceCv    | Identified the ring "Raqiblow" {rCorr Int+4}
 21697 | Lair:4   | Found a viscous altar of Jiyva.
 21697 | Lair:4   | Found a staircase to the Slime Pits.
 22054 | Lair:5   | Entered Level 5 of the Lair of Beasts
 22363 | Lair:5   | Reached skill level 10 in Conjurations
 23254 | Lair:5   | Reached skill level 10 in Spellcasting
 23254 | Lair:5   | Reached XP level 14. HP: 93/93 MP: 11/28
 23941 | Lair:5   | Identified the +8 plate armour of the Lion {Harm rElec
                  | Dex+4}
 24961 | D:12     | You fall into a shaft and drop 2 floors!
 26593 | D:13     | Found a runed translucent door.
 26620 | D:13     | Found a runed translucent door.
 26630 | D:13     | Found a runed translucent door.
 26995 | D:13     | Reached skill level 10 in Evocations
 27203 | D:13     | Found a portal to a secret trove of treasure.
 27349 | D:13     | Reached skill level 10 in Fighting
 27480 | D:13     | Found a gate to the Vaults.
 27487 | D:13     | Learned a level 5 spell: Arcjolt
 27858 | D:14     | Reached skill level 1 in Air Magic
 28150 | D:14     | Reached XP level 15. HP: 64/103 MP: 10/29
 28770 | D:15     | Entered Level 15 of the Dungeon
 29009 | D:15     | Found a staircase to the Depths.
 30004 | D:15     | Found a hide-covered altar of Uskayaw.
 30939 | D:5      | Killed Prince Ribbit
 31184 | Orc:1    | Entered Level 1 of the Orcish Mines
 31512 | Orc:1    | Found a dark tunnel.
 31524 | Volcano  | Entered a volcano
 31531 | Volcano  | Learned a level 5 spell: Lightning Bolt
 32531 | Volcano  | Found a bloodstained altar of Trog.
 33211 | Orc:2    | Entered Level 2 of the Orcish Mines
 33236 | Orc:2    | Noticed Nessos
 33241 | Orc:2    | Killed Nessos
 34218 | Orc:2    | Noticed NigelTetley's ghost (journeyman OpTm)
 34222 | Orc:2    | Found a transporter.
 34222 | Orc:2    | Found Ymuduyst's Antique Weapon Boutique.
 34499 | Orc:2    | Found Zudium's Magic Scroll Emporium.
 34499 | Orc:2    | Found Saxar's Assorted Antiques.
 34500 | Orc:2    | Found Bymiupag's Distillery.
 34546 | Orc:2    | Found Hagiw's General Store.
 34549 | Orc:2    | Bought a scroll of teleportation for 42 gold pieces
 34550 | Orc:2    | Bought a potion of curing for 45 gold pieces
 34551 | Orc:2    | Bought a potion of curing for 42 gold pieces
 34551 | Orc:2    | Bought a potion of curing for 42 gold pieces
 34551 | Orc:2    | Bought a potion of resistance for 140 gold pieces
 34551 | Orc:2    | Bought a potion of haste for 140 gold pieces
 34551 | Orc:2    | Bought a potion of brilliance for 56 gold pieces
 34551 | Orc:2    | Bought a potion of brilliance for 56 gold pieces
 34551 | Orc:2    | Bought a potion of curing for 42 gold pieces
 34552 | Orc:2    | Bought a potion of invisibility for 272 gold pieces
 34552 | Orc:2    | Bought an iron ring for 170 gold pieces
 34601 | Orc:2    | Found a burning altar of Makhleb.
 34637 | Orc:2    | Found a transporter.
 34676 | Orc:2    | Found a staircase to the Elven Halls.
 34978 | Orc:2    | Killed NigelTetley's ghost
 35178 | Orc:2    | Bought a book of Spatial Translocations for 300 gold pieces
 35181 | Orc:2    | Learned a level 2 spell: Blink
 35207 | Orc:2    | Bought a masterwork rapier for 342 gold pieces
 35207 | Orc:2    | Identified the +1 rapier "Bastracy" {vamp, rF+ Str+4 Int+3
                  | Dex-5} (You bought it in a shop on level 2 of the Orcish
                  | Mines)
 35483 | D:13     | Identified the +6 great sword "Kotiuz" {drain, rElec rF-
                  | rN++ Stlth+}
 35627 | Shoals:1 | Entered Level 1 of the Shoals
 35631 | Shoals:1 | Reached skill level 5 in Air Magic
 35946 | Shoals:1 | Reached skill level 1 in Translocations
 36195 | Shoals:1 | Reached XP level 16. HP: 109/109 MP: 3/31
 36553 | Shoals:1 | Noticed a kraken
 36558 | Shoals:1 | Killed a kraken
 37819 | Shoals:2 | Found a transporter.
 37827 | Shoals:2 | Found a transporter.
 37828 | Shoals:2 | Noticed stingscourger's ghost (journeyman FeSu)
 38028 | Shoals:2 | Noticed a kraken
 38071 | Shoals:2 | Found a bloodstained altar of Trog.
 38089 | Shoals:2 | Killed a kraken
 38240 | Shoals:2 | Found Iloetug's Book Shoppe.
 40316 | Shoals:3 | Identified the +11 scimitar of Exquisite Death {heavy, rF+
                  | rC+ rN+}
 40435 | Shoals:3 | Found Qootuah's CLEARANCE SALE!.
 40565 | Shoals:3 | Noticed a kraken
 40602 | Shoals:3 | Noticed a kraken
 40608 | Shoals:3 | Killed a kraken
 40611 | Shoals:3 | Killed a kraken
 41094 | Shoals:4 | Entered Level 4 of the Shoals
 41776 | Shoals:3 | Reached skill level 5 in Translocations
 42806 | Shoals:4 | Reached XP level 17. HP: 94/115 MP: 17/33
 42973 | Shoals:4 | Noticed Ilsuiw
 42987 | Shoals:4 | Killed Ilsuiw
 43481 | Shoals:4 | Identified the +9 shortbow of Nemelex Xobeh's Grace {flame,
                  | Dex+2}
 43575 | Shoals:4 | HP: 1/115 [merfolk javelineer/silver javelin (14)]
 43575 | Shoals:4 | Hit by a silver javelin thrown by a merfolk javelineer

Illustrated notes

Levels and vault maps discovered:
D:1:      roderic_crop_circles_arrival_small, layout_rooms,
          basic_ecumenical_altar, minmay_misc_feat_chi, minivault_26,
          minivault_24
D:2:      minmay_roachtagon, layout_loops_corners, serial_shops,
          nicolae_shop_waterfront, uniq_robin, uniq_natasha
D:3:      layout_loops_ring, trog_book, serial_forest, infiniplex_forest_end_2,
          infiniplex_forest_straight_2, infiniplex_forest_straight_3,
          infiniplex_forest_clump_tiny, infiniplex_forest_clump_tiny,
          infiniplex_forest_lined_room_, infiniplex_forest_lined_2,
          infiniplex_forest_clump_diagonal, hangedman_decor_riveting,
          minmay_goblin_kobold_house, uniq_grinder, uniq_terence, uniq_sigmund
D:4:      layout_cave_pools
D:5:      layout_layer_cave, st_stairs_7, dreamdust_princess_corridor,
          uniq_menkaure, uniq_prince_ribbit1
D:6:      layout_basic, elyvilon_altar_4, minmay_temple_entry_enclosed_plants,
          abandoned_shop
D:7:      layout_basic, pf_just_have_faith, nrook_mini_backslash
D:8:      layout_basic, nicolae_qazlal_eye_of_the_storm,
          nicolae_overflow_crystal_walls, hellmonk_guarded_unrand_vines
D:9:      layout_loops_corners, david_orc_4, nicolae_kite_square_tiling_tiny
D:10:     layout_loops_ring, lemuel_crystal_altar, serial_shops, shop_fountains,
          minmay_misc_feat_plants
D:11:     layout_basic, david_lair_generic, gauntlet_entry_generic,
          hangedman_decor_slide_cut, amethyst_killhole, minmay_diamond_spiral
D:12:     layout_roguey
D:13:     layout_long_grid, grunt_vaults_entry_fortified, enter_trove_5,
          mikee_hates_you
D:14:     layout_roguey [special_room_bee], chequers_decorated_corner
D:15:     grunt_enter_depths_hoard, layout_irregular_city, serial_glass,
          glass_columns_c, glass_columns_b, glass_columns_b, glass_columns_b,
          glass_columns_b, glass_columns_a, due_unseen_surprise,
          feat_on_display, nicolae_uskayaw_dance_hall
Temple:   nicolae_temple_elliptical
Lair:1:   layout_gridlike
Lair:2:   layout_hall_layers, spider_nest_entry_a, lemuel_fruit_fields,
          infiniplex_staircase_pool
Lair:3:   layout_layer_cave, elwin_shoals_entry_rooms,
          chequers_serial_rivers_small_a, grunt_forest_large_clearing_hut
Lair:4:   layout_long_grid, slime_entry_1, portal_ice_cave_entry_pillars_2,
          lemuel_fruit_tree, grunt_megastairs_4
Lair:5:   grunt_lair_end_beastmaster, layout_loops_ring, grunt_megastairs_1
Shoals:1: layout_shoals, st_shoals_ruin
Shoals:2: layout_shoals, serial_shops, nicolae_shop_waterfront,
          gammafunk_ghost_wrathful_warriors,
          nicolae_shoals_nymph_descending_staircase
Shoals:3: layout_shoals, nicolae_shop_clearance
Shoals:4: shoals_end_grunt_garden, layout_shoals, shoals_ilsuiw_alternative
Orc:1:    layout_caves, nicolae_volcano_entry_lava_flow
Orc:2:    st_orc_mages, layout_caves, gammafunk_ghost_arena, serial_shops,
          nicolae_diamond_shop, david_defended_altar_orc, uniq_nessos

Skill      XL: |  1  2  3  4  5  6  7  8  9 10 11 12 13 14 15 16 17 |
---------------+----------------------------------------------------+-----
Conjurations   | 2 3 4 6 7 9 10 11 12 13 | 13.6
Spellcasting   | 3 4 6 7 8 10 11 12 | 12.7
Fire Magic     | 4 5 6 8 9 11 12 13 | 13.9
Fighting       | 1 2 3 5 6 7 10 | 10.0
Invocations    | 1 8 9 10 11 12 13 | 13.2
Evocations     | 1 5 7 8 10 | 10.0
Shields        | 4 5 |  5.0
Dodging        | 5 |  5.0
Air Magic      | 1 5 |  5.0
Translocations | 1 5 |  5.0
Stealth        | |  2.6

Action                   |  1- 3 |  4- 6 |  7- 9 | 10-12 | 13-15 | 16-18 || total
-------------------------+-------+-------+-------+-------+-------+-------++-------
Melee: Dagger            |    36 |    18 |     5 |    12 |       |       ||    71
       Constrict         |    12 |     7 |       |     4 |    36 |       ||    59
       Tentacles         |    10 |     8 |       |     6 |    38 |       ||    62
       Punch             |     1 |     1 |       |       |     2 |       ||     4
       Staff             |       |       |       |     7 |   138 |     4 ||   149
Throw: Dart              |       |       |       |    29 |       |       ||    29
 Cast: Foxfire           |    42 |    25 |   135 |    21 |       |       ||   223
       Scorch            |     4 |    20 |    49 |   135 |    50 |     6 ||   264
       Flame Wave        |       |       |     3 |    61 |    21 |     9 ||    94
       Kindle Blastspark |       |       |       |    11 |       |       ||    11
       Fireball          |       |       |       |       |   342 |   243 ||   585
       Inner Flame       |       |       |       |       |     5 |       ||     5
       Lightning Bolt    |       |       |       |       |    29 |       ||    29
       Arcjolt           |       |       |       |       |    18 |     3 ||    21
       Blink             |       |       |       |       |       |     1 ||     1
Evoke: Wand              |       |       |     2 |    38 |    80 |    13 ||   133
       Condenser vane    |       |       |       |       |     3 |     3 ||     6
  Use: Scroll            |     2 |     3 |    10 |    19 |    12 |    10 ||    56
       Potion            |       |     2 |       |     4 |     8 |     8 ||    22
 Stab: Sleeping          |     3 |     1 |     4 |     4 |     3 |       ||    15
       Paralysed         |       |       |       |       |     9 |     2 ||    11
Armor: Skin              |       |     1 |     2 |     2 |    11 |     2 ||    18
Dodge: Dodged            |    27 |    18 |    29 |    89 |   175 |    57 ||   395
Block: Buckler           |       |       |       |    27 |    99 |    38 ||   164

Table legend: (Time is in decaauts)
 A = Elapsed time spent in this place.
 B = Non-inter-level travel time spent in this place.
 C = Inter-level travel time spent in this place.
 D = Time resting spent in this place.
 E = Time spent auto-exploring this place.
 F = Levels seen in this place.
 G = Mean time per level.
                   A        B        C        D        E       F      G
               +--------+--------+--------+--------+--------+-----+--------+
         Total |  43642 |  41522 |   2120 |   2731 |  32976 |  30 | 1454.7 |
       Dungeon |  22880 |  21562 |   1318 |    644 |  18262 |  15 | 1525.3 |
        Temple |    159 |    127 |     32 |      0 |    111 |   1 |  159.0 |
          Lair |   7867 |   7609 |    258 |    497 |   6074 |   5 | 1573.4 |
        Shoals |   7949 |   7589 |    360 |   1380 |   5217 |   4 | 1987.2 |
  Orcish Mines |   2703 |   2553 |    150 |     24 |   1903 |   2 | 1351.5 |
      Ice Cave |    321 |    321 |      0 |      0 |    258 |   1 |  321.0 |
       Volcano |   1194 |   1194 |      0 |      0 |   1008 |   1 | 1194.0 |
      Gauntlet |    565 |    565 |      0 |    186 |    143 |   1 |  565.0 |
               +--------+--------+--------+--------+--------+-----+--------+

Top non-repeatable levels by time:
Shoals:3: 3326 daAuts
     D:2: 3170 daAuts
    D:13: 2376 daAuts
Shoals:1: 2191 daAuts
     D:9: 2147 daAuts
   Orc:2: 2014 daAuts
  Lair:4: 1903 daAuts
  Lair:5: 1827 daAuts
  Lair:3: 1682 daAuts
Shoals:2: 1633 daAuts
    D:11: 1555 daAuts
     D:7: 1531 daAuts
    D:15: 1530 daAuts
     D:5: 1525 daAuts
     D:8: 1524 daAuts
